 Dungeon Crawl Stone Soup version 0.22.1-2-g9c5b331383 (webtiles) character file.

104 Jynx the Sneak (level 4, -2/21 HPs)
             Began as a Spriggan Enchanter on Dec 22, 2018.
             Slain by an orc wizard
             ... wielding a +0 dagger
              (5 damage)
             ... on level 3 of the Dungeon.
             The game lasted 00:03:47 (2220 turns).

Jynx the Sneak (Spriggan Enchanter)                 Turns: 2220, Time: 00:03:47

Health: -2/21      AC:  2    Str:  4    XL:     4   Next: 52%
Magic:  1/10       EV: 19    Int: 16    God:
Gold:   147        SH:  0    Dex: 17    Spells: 0/9 levels left

rFire    . . .     SeeInvis +   c - +3 short sword
rCold    . . .     Gourm    .   (shield restricted)
rNeg     . . .     Faith    .   b - +0 robe
rPois    .         Spirit   .   (helmet restricted)
rElec    .         Reflect  .   (no cloak)
rCorr    .         Harm     .   (gloves unavailable)
MR       .....                  (boots unavailable)
Stlth    +.........             (no amulet)
HPRegen  0.07/turn              (no ring)
MPRegen  0.12/turn              (no ring)

@: confused, very quick
A: very small, unfitting armour, see invisible, herbivore, speed 3, slow
metabolism 2
a: no special abilities


You were on level 3 of the Dungeon.
You were not hungry.

You visited 1 branch of the dungeon, and saw 3 of its levels.

You collected 147 gold pieces.

Inventory:

Hand Weapons
 a - a +1 dagger
 c - a +3 short sword (weapon)
Armour
 b - a +0 robe (worn)
Jewellery
 k - a +4 amulet of reflection {unknown}
Scrolls
 e - a scroll of remove curse
 f - a scroll of magic mapping
Potions
 i - a potion of lignification {unknown}
 j - a potion of magic {unknown}
Comestibles
 d - 4 rations


   Skills:
 + Level 2.1 Short Blades
 + Level 3.9 Dodging
 + Level 5.3 Stealth
 + Level 3.3 Spellcasting
 * Level 4.7 Hexes


You couldn't memorise any spells.
You knew the following spells:

 Your Spells              Type           Power        Failure   Level  Hunger
a - Corona                Hex            ###....      2%          1    None
b - Ensorcelled Hibernat  Hex/Ice        ##....       11%         2    ##.....
c - Confuse               Hex            ###.....     8%          3    ###....
d - Tukima's Dance        Hex            ###.....     8%          3    ###....

Your spell library contained the following spells:

 Spells                   Type           Power        Failure   Level  Hunger
 Dazzling Spray           Conj/Hex       ##....       21%         3    ###....


Dungeon Overview and Level Annotations

Branches:
Dungeon (3/15)

Altars:
Ru

Annotations:
D:3 Robin


Innate Abilities, Weirdness & Mutations

You are very small and have problems with some larger weapons.
You are too small for most types of armour.
You have supernaturally acute eyesight. (SInv)
You are a herbivore.
You cover ground extremely quickly.
You need to consume almost no food.


Message History

Aim: an orc wizard, wielding a dagger and wearing a robe (lightly wounded, The orc wizard resists with some effort.
You hit the orc.
The orc is severely wounded.
You hit the orc.
You kill the orc!
You hit the orc.
The orc is heavily wounded.
You barely miss the orc wizard.
The orc wizard is lightly wounded.
You hit the orc wizard.
The orc wizard is lightly wounded.
The orc wizard casts a spell at you. The magic dart hits you!
Ouch! That really hurt!
* * * LOW HITPOINT WARNING * * *
The orc wizard casts a spell at you.
You are confused.
The orc wizard hits you with a dagger.
You die...

#..........#
##........##
##........##
#..........####
#.............###
#..........##.[<#
#..........####.....#
..#####..........#
###.....#
#..........>o@..##
.###.#
######....o...## .
#....#.#o##### ##
#....#.#.### ## #
##....#.#...##....
#...#....o.....#
..o##(###...#)##.###
#...†)÷[..#.#oo#.##
......#.....##.o..#


You could see an orc wizard (invisible) and 2 orcs.

Vanquished Creatures
  An orc wizard (D:3)
  An adder (D:2)
  An ooze (D:1)
  A dart slug (D:1)
  2 leopard geckos
  3 orcs (D:3)
  4 giant cockroaches
  10 goblins
  6 hobgoblins
  3 jackals (D:1)
  A quokka (D:2)
  5 bats
  4 frilled lizards
  6 kobolds
  3 rats
51 creatures vanquished.

Vanquished Creatures (others)
  A dancing weapon (D:3)
1 creature vanquished.

Grand Total: 52 creatures vanquished

Notes
Turn   | Place    | Note
-------+----------+-------------------------------------------
     0 | D:1      | Jynx the Spriggan Enchanter began the quest for the Orb.
     0 | D:1      | Reached XP level 1. HP: 9/9 MP: 5/5
   414 | D:1      | Reached XP level 2. HP: 13/13 MP: 6/6
   427 | D:1      | Learned a level 2 spell: Ensorcelled Hibernation
   724 | D:1      | Reached XP level 3. HP: 14/16 MP: 8/8
  1029 | D:2      | Found a sacrificial altar of Ru.
  1412 | D:2      | Reached skill level 5 in Stealth
  1743 | D:3      | Noticed Robin
  1796 | D:3      | Reached XP level 4. HP: 20/21 MP: 9/9
  2046 | D:2      | Learned a level 3 spell: Confuse
  2050 | D:2      | Learned a level 3 spell: Tukima's Dance
  2220 | D:3      | Slain by an orc wizard

Skill      XL: |  1  2  3 |
---------------+----------+-----
Hexes          | 4 |  4.7
Spellcasting   | 3 |  3.3
Stealth        | 5 |  5.3
Short Blades   | 2 |  2.1
Dodging        | |  3.9

Action                   |  1- 3 |  4- 6 || total
-------------------------+-------+-------++-------
Melee: Dagger            |    22 |       ||    22
       Short sword       |    94 |    40 ||   134
 Cast: Tukima's Dance    |       |     5 ||     5
       Ensorcelled Hiber |       |     1 ||     1
  Use: Scroll            |     4 |       ||     4
       Potion            |     3 |       ||     3
 Stab: Sleeping          |    23 |       ||    23
Armor: Robe              |    12 |     2 ||    14
Dodge: Dodged            |    77 |    32 ||   109
